 Dungeon Crawl Stone Soup version 0.31-a0-844-gdc52ec4e09 (webtiles) character file.

Game seed: 15613684126122670452

882 rageheart7 the Ruffian (level 7, -15/64 HPs)
             Began as a Black Draconian Shapeshifter on Sept 29, 2023.
             Demolished by an ogre
             ... wielding a +0 giant club
              (19 damage)
             ... on level 5 of the Dungeon.
             The game lasted 00:07:07 (3540 turns).

rageheart7 the Ruffian (DrSh)                       Turns: 3540, Time: 00:07:07

Health: -15/64     AC:  6    Str: 19    XL:     7   Next: 76%
Magic:  7/7        EV: 12    Int: 10    God:
Gold:   244        SH:  0    Dex: 10    Spells: 6/6 levels left

rFire   . . .        g - +2 dagger (venom)
rCold   . . .        (no shield)
rNeg    . . .        (body armour unavailable)
rPois   .            (helmet currently unavailable)
rElec   +            (cloak currently unavailable)
rCorr   +            (gloves currently unavailable)
SInv    .            (boots currently unavailable)
Will    .....        k - amulet of regeneration
Stlth   +            n - ring of resist corrosion
HPRegen 1.10/turn    (no ring)
MPRegen 0.10/turn

%: no passive effects
@: beast-form
A: beast (slay +1), breathe lightning, AC +6, unfitting armour, electricity
resistance, cold-blooded
a: Breathe Lightning, Begin Untransformation


You were on level 5 of the Dungeon.
You were a hulking beast.
You visited 1 branch of the dungeon, and saw 5 of its levels.

You collected 244 gold pieces.

Inventory:

Hand Weapons
 g - a +2 dagger of venom (weapon)
Missiles
 t - 2 throwing nets
Armour
 a - a scarf of invisibility
Jewellery
 k - an amulet of regeneration (around neck)
 n - a ring of resist corrosion (left hand)
Talismans
 b - a beast talisman (active)
 c - a flux talisman
Scrolls
 d - 2 scrolls of immolation
 i - a scroll of amnesia
 j - 2 scrolls of teleportation
 l - 4 scrolls of identify
 m - 2 scrolls of fog
 q - a scroll of revelation
Potions
 e - a potion of cancellation
 f - 2 potions of enlightenment
 h - 5 potions of brilliance
 o - a potion of mutation {unknown}
 p - a potion of magic {unknown}
 r - 2 potions of might
 s - 2 potions of curing {unknown}


   Skills:
 * Level 6.7 Fighting
 - Level 1.7 Dodging
 * Level 6.8 Unarmed Combat
 + Level 3.2 Shapeshifting


You had 6 spell levels left.
You didn't know any spells.
Your spell library contained the following spells:

 Spells                   Type           Power      Damage    Failure   Level
 Magic Dart               Conj           0%         1d3       36%         1
 Blink                    Tloc           0%         N/A       50%         2
 Lesser Beckoning         Tloc           0%         N/A       50%         2
 Momentum Strike          Conj/Tloc      0%         3d8       50%         2
 Searing Ray              Conj           0%         2d4       50%         2
 Dazzling Flash           Conj/Hex       0%         N/A       75%         3
 Volatile Blastmotes      Fire/Tloc      0%         2d10      75%         3
 Fulminant Prism          Conj/Hex       0%         3d5       98%         4
 Starburst                Conj/Fire      0%         6d3       100%        6
 Maxwell's Capacitive Co  Air            0%         ∞         100%        8


Dungeon Overview and Level Annotations

Branches:
Dungeon (5/15)
 Temple: D:4-7

Altars:
Fedhas
Okawaru
Wu Jian
Yredelemnul


Innate Abilities, Weirdness & Mutations

You are a hulking beast.
Your limbs bulge with bestial killing power. (Slay +1)
You can breathe wild blasts of lightning.
Your glossy black scales are hard. (AC +6)
You cannot fit into any form of body armour.
You are resistant to electric shocks. (rElec)
You are cold-blooded and may be slowed by cold attacks.


Message History

You hit the hound.
The hound is poisoned.
The hound is moderately wounded.
The hound bites you.
You hit the hound.
The hound is moderately wounded.
The hound bites you. The hound barely misses you.
You hit the hound.
The hound looks as sick as possible!
The hound is severely wounded.
The hound closely misses you.
You hit the hound.
You kill the hound!
No target in view!
No target in view!
No target in view!
No target in view!
No target in view!
Found a scale mail.
There is an open door here.
There is an open door here.
There is an open door here.
There is an open door here.
An ogre comes into view. It is wielding a +0 giant club.
The ogre shouts!
An ogre is nearby!
The ogre hits you with a +0 giant club!!
You barely miss the ogre. You hit the ogre.
The ogre is poisoned.
The ogre is lightly wounded.
The ogre hits you with a +0 giant club!!
* * * LOW HITPOINT WARNING * * *
You are too injured to fight recklessly!
You are too injured to fight recklessly!
The ogre attacks as it pursues you! The ogre hits you with a +0 giant club!
* * * LOW HITPOINT WARNING * * *
You hit the ogre.
The ogre looks as sick as possible!
The ogre is moderately wounded.
You hit the ogre.
The ogre looks as sick as possible!
The ogre is heavily wounded.
The ogre hits you with a +0 giant club!!
You die...

#.........#.#........
#########......######
#.#.##.#
####.#....######
#...............
########
#.##.#....######
#......# #.#########
#.####.###.#
#......Oh..#
#..###.##### #......#
#..###.# #......#
#### ###.##### #...
#.....## #...
#......## #..#
#.......####.. .##...


You could see an ogre (extremely poisoned).

Vanquished Creatures
  Grinder (D:3)
  Sigmund (D:3)
  A human (D:3)
  A jelly (D:5)
  An orc priest (D:3)
  A gnoll bouda (D:5)
  A hound (D:5)
  A human zombie (D:3)
  Jessica (D:3)
  An iguana (D:5)
  8 gnolls
  5 adders
  A white imp (D:5)
  An ufetubus (D:5)
  3 dart slugs
  4 orcs
  7 ball pythons
  6 endoplasms
  4 giant cockroaches
  7 goblins
  5 hobgoblins
  8 jackals (D:2)
  2 quokkas
  2 bats
  5 frilled lizards
  5 kobolds
  7 rats
90 creatures vanquished.

Notes
Turn   | Place    | Note
-------+----------+-------------------------------------------
     0 | D:1      | rageheart7 the Draconian Shapeshifter began the quest for
                  | the Orb.
     0 | D:1      | Reached XP level 1. HP: 16/16 MP: 1/1
    20 | D:1      | Found a faded altar of an unknown god.
   209 | D:1      | Reached XP level 2. HP: 23/24 MP: 2/2
   834 | D:2      | Reached XP level 3. HP: 12/30 MP: 3/3
  1312 | D:2      | Found a blossoming altar of Fedhas.
  1887 | D:3      | Reached XP level 4. HP: 38/38 MP: 4/4
  1895 | D:3      | Noticed Jessica
  1982 | D:3      | Killed Jessica
  1983 | D:3      | Reached XP level 5. HP: 43/46 MP: 5/5
  2041 | D:3      | Found an ornate altar of the Wu Jian Council.
  2215 | D:3      | Noticed Sigmund
  2227 | D:3      | Killed Sigmund
  2228 | D:3      | Reached skill level 5 in Fighting
  2228 | D:3      | Reached skill level 5 in Unarmed Combat
  2228 | D:3      | Reached XP level 6. HP: 41/56 MP: 6/6
  2280 | D:3      | Noticed Grinder
  2281 | D:3      | Paralysed by Grinder for 5 turns
  2314 | D:3      | Killed Grinder
  2485 | D:3      | Found a runed translucent door.
  2485 | D:3      | Noticed a human
  2487 | D:3      | Found a basalt altar of Yredelemnul.
  2510 | D:3      | Your scales start taking on a glossy black colour.
  2510 | D:3      | Reached XP level 7. HP: 62/62 MP: 7/7
  2510 | D:3      | Gained mutation: You are resistant to electric shocks.
                  | (rElec) [Black Draconian growth]
  2525 | D:3      | Killed a human
  2703 | D:4      | Found an iron altar of Okawaru.
  2714 | D:4      | Identified the +1 war axe of Courage {flame, rN+ Will-
                  | SInv}
  3081 | D:5      | Entered Level 5 of the Dungeon
  3538 | D:5      | HP: 2/64 [ogre/+0 giant club (17)]
  3540 | D:5      | Demolished by an ogre

Illustrated notes

Levels and vault maps discovered:
D:1:      grunt_arrival_lava_bath, layout_loops_ring,
          hellmonk_ecumenical_altar_blasted
D:2:      layout_basic, basic_altar, grunt_ministairs_7
D:3:      layout_rooms, dk_yredelemnul_ordeal,
          mainiacjoe_overflow_six_doors_small, uniq_grinder, uniq_jessica,
          uniq_sigmund
D:4:      layout_rooms, okawaru_ov_weapons_minmay, chequers_avenue,
          guppyfry_early_lair_pool
D:5:      layout_loops_corners, mainiacjoe_overflow_alcove_1, tgw_sif

Skill      XL: |  1  2  3  4  5  6  7 |
---------------+----------------------+-----
Fighting       | 2 3 4 5 6 |  6.7
Unarmed Combat | 4 5 6 |  6.8
Dodging        | |  1.7
Shapeshifting  | |  3.2

Action                     |  1- 3 |  4- 6 |  7- 9 || total
---------------------------+-------+-------+-------++-------
  Melee: Unarmed           |    26 |       |       ||    26
         Dagger            |    90 |    80 |    84 ||   254
         Tailslap          |    13 |     8 |     8 ||    29
         Punch             |     3 |     2 |     7 ||    12
    Use: Scroll            |     1 |       |     9 ||    10
         Potion            |       |     4 |       ||     4
   Stab: Sleeping          |     1 |       |       ||     1
 Armour: Skin              |    68 |    82 |    65 ||   215
  Dodge: Dodged            |    72 |    36 |    43 ||   151

Table legend: (Time is in decaauts)
 A = Elapsed time spent in this place.
 B = Non-inter-level travel time spent in this place.
 C = Inter-level travel time spent in this place.
 D = Time resting spent in this place.
 E = Time spent auto-exploring this place.
 F = Levels seen in this place.
 G = Mean time per level.
                   A        B        C        D        E       F      G
               +--------+--------+--------+--------+--------+-----+--------+
         Total |   3537 |   3371 |    166 |      0 |   2626 |   5 |  707.4 |
       Dungeon |   3537 |   3371 |    166 |      0 |   2626 |   5 |  707.4 |
               +--------+--------+--------+--------+--------+-----+--------+

Top non-repeatable levels by time:
     D:2: 1034 daAuts
     D:1: 808 daAuts
     D:3: 741 daAuts
     D:4: 493 daAuts
     D:5: 459 daAuts
